 Dungeon Crawl Stone Soup version 0.17-a0-1863-g715b4b0 (webtiles) character file.

95 matakusis the Ducker (level 4, -7/34 HPs)
             Began as a Demonspawn Gladiator on Sept 20, 2015.
             Mangled by Sigmund
             ... wielding a +0 scythe
              (19 damage)
             ... on level 3 of the Dungeon.
             The game lasted 00:07:32 (2340 turns).

matakusis the Ducker (Demonspawn Gladiator)         Turns: 2340, Time: 00:07:32

Health: -7/34      AC:  3    Str: 15    XL:     4   Next: 39%
Magic:  4/4        EV: 13    Int:  9    God:
Gold:   141        SH:  0    Dex: 15    Spells: 0 memorised, 3 levels left

rFire  . . .     SeeInvis .     n - +0 hand axe (freeze)
rCold  . . .     Clarity  .     b - +0 leather armour
rNeg   . . .     SustAt   .     (no shield)
rPois  .         Gourm    .     (helmet restricted)
rElec  .         Spirit   .     (no cloak)
rCorr  .         Warding  .     (no gloves)
rMut   .         Stasis   .     (no boots)
MR     .....                    (no amulet)
Stlth  +.........               k - ring of wizardry
                                c - ring of flight

@: not resistant to hostile enchantments, very unstealthy
A: antennae 2
a: Evoke Flight


You were on level 3 of the Dungeon.
You were hungry.

You visited 1 branch of the dungeon, and saw 3 of its levels.

You collected 141 gold pieces.

Inventory:

Hand weapons
 n - a +0 hand axe of freezing (weapon)
Missiles
 d - 3 throwing nets (quivered)
 l - 6 tomahawks
Armour
 b - a +0 leather armour (worn)
Jewellery
 c - a ring of flight (left hand)
 k - a ring of wizardry (right hand)
Scrolls
 f - a scroll of magic mapping
 m - a scroll of remove curse
Potions
 e - a potion of lignification {unknown}
 h - a potion of heal wounds
 j - a potion of magic {unknown}
Comestibles
 g - 3 meat rations
 i - 2 chunks of flesh


   Skills:
 + Level 2.5 Fighting
 + Level 3.2 Axes
 - Level 1.7 Throwing
 + Level 1.0 Armour
 * Level 3.8 Dodging


You had 3 spell levels left.
You didn't know any spells.

Dungeon Overview and Level Annotations

Branches:
Dungeon (3/15)

Altars:

Annotations:
D:3 Sigmund


Innate Abilities, Weirdness & Mutations

You have a pair of antennae on your head.


Message History

You open the door.
There is an open door here.
HP restored.
You are feeling hungry.
You sense a monster nearby.
Sigmund the Dreaded comes into view.
He is wielding a scythe.
Sigmund casts a spell.
Sigmund flickers and vanishes!
Deactivating autopickup; reactivate with Ctrl-A.
Found a stone staircase leading down.
Something barely misses you.
You barely miss something. Something hits you but does no damage.
You barely miss something.
Found an embroidered robe.
Something hits you.
You barely miss something. Something hits you but does no damage.
You barely miss something. Something hits you!
You barely miss something. Something hits you!!
Ouch! That really hurt!
You die...

#........................
#.####.##################
#.### #.#.# #.#.#
##.####.#.###...
#....>......'...
##.##.#.#{###..#
#.##.#.#@# .....#.#.#
..........# ##.##.#.#.#
.....#.#.# ... .....
#.##.#.#### [.. ..... ##
## #.#


There were no monsters in sight!

Vanquished Creatures
  Robin (D:3)
  2 adders (D:3)
  An ooze (D:2)
  2 worms
  An orc (D:3)
  10 bats
  15 goblins
  8 hobgoblins
  7 jackals
  A giant newt (D:2)
  A kobold (D:1)
  4 rats
53 creatures vanquished.

Notes
Turn   | Place    | Note
--------------------------------------------------------------
     0 | D:1      | matakusis the Demonspawn Gladiator began the quest for the Orb.
     0 | D:1      | Reached XP level 1. HP: 16/16 MP: 1/1
   210 | D:1      | Reached skill level 3 in Dodging
   224 | D:1      | Gained mutation: You have a pair of small antennae on your head. [demonic ancestry]
   224 | D:1      | Reached XP level 2. HP: 19/22 MP: 2/2
  1317 | D:2      | Reached XP level 3. HP: 23/27 MP: 3/3
  1918 | D:3      | Noticed Robin
  2022 | D:3      | Killed Robin
  2022 | D:3      | Gained mutation: You have a pair of antennae on your head. [demonic ancestry]
  2022 | D:3      | Reached XP level 4. HP: 13/34 MP: 4/4
  2032 | D:3      | Reached skill level 1 in Armour
  2327 | D:3      | Noticed Sigmund
  2340 | D:3      | Mangled by Sigmund

Vault maps used:
D:1:      co_arrival_random_square_maze
D:2:      serial_glass, glass_columns_a, glass_columns_a,
          minmay_strange_pillars, minmay_strange_pillars, item_on_display_a,
          due_unseen_surprise
D:3:      zin_academy, bloody_makhleb, uniq_robin, uniq_sigmund, uniq_terence

Action                   |  1- 3 |  4- 6 || total
-------------------------+-------+-------++-------
Melee: War axe           |   168 |    37 ||   205
       Hand axe          |       |     5 ||     5
  Use: Scroll            |     7 |       ||     7
       Potion            |       |     2 ||     2
  Eat: Bread ration      |     1 |       ||     1
